 Dungeon Crawl Stone Soup version 0.23.2-33-g5129a83184 (webtiles) character file.

Game seed: 10896824476781533040

551 1994 the Grave Robber (level 7, 0/52 HPs)
             Began as a Mummy Necromancer on July 1, 2019.
             Killed from afar by an orc wizard (12 damage)
             ... with a puff of flame
             ... on level 3 of the Dungeon.
             The game lasted 00:12:02 (4696 turns).

1994 the Grave Robber (Mummy Necromancer)           Turns: 4696, Time: 00:12:03

Health: 0/52       AC:  8    Str: 15    XL:     7   Next: 7%
Magic:  1/14       EV: 11    Int: 16    God:
Gold:   116        SH:  0    Dex: 12    Spells: 6/15 levels left

rFire    x . .     SeeInvis .   r - -1 hunting sling (curse)
rCold    + . .     Gourm    .   (no shield)
rNeg     + + +     Faith    .   p - +0 ring mail
rPois    ∞         Spirit   .   j - +2 helmet
rElec    .         Reflect  .   (no cloak)
rCorr    .         Harm     .   (no gloves)
MR       .....                  (no boots)
Stlth    +.........             (no amulet)
HPRegen  0.17/turn              q - +3 ring of strength
MPRegen  0.14/turn              h - ring of stealth

@: confused, very slightly contaminated
A: no food or potions, fire vulnerability, cold resistance 1, negative energy
resistance 3, torment resistance, unbreathing
a: no special abilities


You were on level 3 of the Dungeon.
You were not hungry.

You visited 1 branch of the dungeon, and saw 4 of its levels.

You collected 116 gold pieces.

Inventory:

Hand Weapons
 a - a +2 trident of pain
 r - a cursed -1 hunting sling (weapon)
Missiles
 k - 10 sling bullets (quivered)
 n - 64 stones
Armour
 b - a +0 robe
 j - a +2 helmet (worn)
 o - a +0 leather armour
 p - a +0 ring mail (worn)
Magical Staves
 u - an uncursed staff of earth
Jewellery
 g - an uncursed ring of ice
 h - a ring of stealth (right hand)
 l - an uncursed ring of ice
 q - a +3 ring of strength (left hand)
Wands
 s - a wand of flame (22)
Scrolls
 c - a scroll of fog {unknown}
 d - a scroll of immolation {unknown}
 e - 2 scrolls of identify {unknown}
 f - 2 scrolls of remove curse {unknown}
 i - a scroll of enchant armour {unknown}
 m - a scroll of random uselessness {unknown}
 t - a scroll of teleportation {unknown}


   Skills:
 + Level 3.2 Fighting
 * Level 2.1 Polearms
 - Level 1.5 Dodging
 - Level 1.5 Stealth
 + Level 4.8 Spellcasting
 * Level 6.3 Necromancy


You had 6 spell levels left.
You knew the following spells:

 Your Spells              Type           Power        Failure   Level  Hunger
a - Pain                  Necr           ###.         2%          1    N/A
b - Animate Skeleton      Necr           N/A          2%          1    N/A
c - Vampiric Draining     Necr           ###.......   7%          3    N/A
d - Animate Dead          Necr           N/A          22%         4    N/A

Your spell library contained the following spells:

 Spells                   Type           Power        Failure   Level  Hunger
 Confusing Touch          Hex            #.....       30%         1    N/A
 Confuse                  Hex            #.......     67%         3    N/A
 Gell's Gravitas          Tloc           #.........   67%         3    N/A
 Petrify                  Tmut/Erth      #.......     97%         4    N/A
 Metabolic Englaciation   Hex/Ice        #.........   100%        5    N/A
 Yara's Violent Unravell  Hex/Tmut       #.........   100%        5    N/A
 Regeneration             Chrm/Necr      Unusable     N/A         3    N/A

Dungeon Overview and Level Annotations

Branches:
Dungeon (4/15)
 Temple: D:4-7

Altars:
Cheibriados
Dithmenos


Innate Abilities, Weirdness & Mutations

You do not eat or drink.
Your flesh is vulnerable to fire.
You are immune to poison.
Your flesh is cold resistant. (rC+)
You are immune to negative energy. (rN+++)
You are immune to unholy pain and torment.
You can survive without breathing.


Message History

Casting: Pain (safe; 2% risk of failure)
Confirm with . or Enter, or press ? or * to list all spells.
Aiming: Pain (safe; 2% risk of failure)
Press: ? - help, Shift-Dir - straight line Something writhes in agony.
There is a stone staircase leading down here.
Things that are here:
a +0 dagger; a +0 robe A magic dart appears from out of thin air!
The magic dart hits you!
* * * LOW HITPOINT WARNING * * *
You are confused.
You hear some strange, mumbled words.
You are more confused.
Things that are here:
a +0 dagger; a +0 robe You hear some strange, mumbled words.
A puff of flame appears from out of thin air!
The puff of flame hits you! The fire burns you terribly!
You die...

...####.## #.....# #.# #
........######.###.# #.# #
...####.....[..# #.###[# # ..##
#.######.###.....# # .## #.#
#.....##### # ## #># ###.### #
##### #.# #.# # ....# #.# #.# #
###.###.# #@# # #.....# #)# #
#..#### #.# # #..#
####.############ #
#..########.%........<))..#####
#........)[.##.##########....Z.
####.............# #######
.....############# ####.#


There were no monsters in sight!

Vanquished Creatures
  An ogre (D:3)
  Blork the orc (D:4)
  A bullfrog skeleton (D:4)
  2 orc priests
  Jessica (D:3)
  Natasha (twice) (D:3)
  An orc wizard (D:3)
  A worker ant (D:2)
  Robin (D:3)
  3 gnolls
  5 adders
  2 oozes
  2 worms
  4 dart slugs
  A leopard gecko (D:1)
  6 orcs (D:3)
  8 bats
  2 giant cockroaches (D:1)
  6 goblins
  10 hobgoblins
  9 jackals
  2 quokkas
  A ball python (D:1)
  2 frilled lizards
  6 kobolds
  6 rats
86 creatures vanquished.

Vanquished Creatures (collateral kills)
  An ooze (D:1)
  A worm (D:2)
  An orc (D:3)
3 creatures vanquished.

Grand Total: 89 creatures vanquished

Notes
Turn   | Place    | Note
-------+----------+-------------------------------------------
     0 | D:1      | 1994 the Mummy Necromancer began the quest for the Orb.
     0 | D:1      | Reached XP level 1. HP: 13/13 MP: 4/4
   129 | D:1      | Learned a level 1 spell: Animate Skeleton
   232 | D:1      | Reached XP level 2. HP: 20/20 MP: 0/5
   451 | D:1      | Reached skill level 1 in Fighting
   960 | D:1      | Reached XP level 3. HP: 26/26 MP: 2/7
  1237 | D:2      | Found a faded altar of an unknown god.
  1346 | D:2      | Reached XP level 4. HP: 32/32 MP: 5/9
  1520 | D:2      | Found a snail-covered altar of Cheibriados.
  1704 | D:2      | Found a shadowy altar of Dithmenos.
  1789 | D:2      | Reached skill level 5 in Necromancy
  2032 | D:3      | Noticed Robin
  2069 | D:3      | Killed Robin
  2649 | D:2      | Learned a level 3 spell: Vampiric Draining
  2654 | D:2      | Learned a level 4 spell: Animate Dead
  2818 | D:3      | Reached XP level 5. HP: 38/38 MP: 1/10
  3578 | D:3      | Noticed Natasha
  3587 | D:3      | Killed Natasha
  3805 | D:3      | Noticed Jessica
  3811 | D:3      | Killed Jessica
  3811 | D:3      | Reached XP level 6. HP: 45/46 MP: 5/12
  3920 | D:3      | Noticed Natasha
  3923 | D:3      | Killed Natasha
  3923 | D:3      | Reached skill level 1 in Polearms
  4096 | D:4      | Noticed Blork the orc
  4108 | D:4      | Killed Blork the orc
  4108 | D:4      | Reached skill level 6 in Necromancy
  4633 | D:4      | Reached XP level 7. HP: 52/52 MP: 10/14
  4696 | D:3      | Killed from afar by an orc wizard

Skill      XL: |  1  2  3  4  5  6 |
---------------+-------------------+-----
Spellcasting   | 3 4 |  4.8
Fighting       | 1 2 3 |  3.2
Necromancy     | 5 6 |  6.3
Polearms       | 2 |  2.1
Dodging        | |  1.5
Stealth        | |  1.5

Action                   |  1- 3 |  4- 6 |  7- 9 || total
-------------------------+-------+-------+-------++-------
Melee: Short sword       |     3 |       |       ||     3
       Whip              |       |    19 |       ||    19
       Trident           |       |    19 |       ||    19
 Cast: Pain              |    54 |   191 |    16 ||   261
       Animate Skeleton  |     7 |     5 |       ||    12
Armor: Robe              |     2 |     8 |       ||    10
       Ring mail         |       |    19 |     7 ||    26
       Leather armour    |       |     3 |       ||     3
Dodge: Dodged            |     8 |    58 |     6 ||    72
